 Dungeon Crawl Stone Soup version 0.28.0 (webtiles) character file.

Game seed: 6608449063709376893

5400 LustLizard the Cleaver (level 10, 0/130 (132) HPs)
             Began as a Minotaur Berserker on Feb 5, 2022.
             Was a High Priest of Trog.
             Slain by a large abomination (6 damage)
             ... on level 1 of the Abyss on Feb 6, 2022.
             The game lasted 00:20:22 (8310 turns).

LustLizard the Cleaver (Minotaur Berserker)         Turns: 8310, Time: 00:20:23

HP:   0/130 (132)   AC: 14    Str: 25    XL:     10   Next: 40%
MP:   9/9           EV:  7    Int:  8    God:    Trog [*****.]
Gold: 724           SH:  0    Dex:  9    Spells: 9/9 levels left

rFire   . . .      SeeInvis .   r - +1 broad axe (flame)
rCold   + . .      Faith    .   (no shield)
rNeg    . . .      Spirit   .   k - +0 plate armour
rPois   .          Reflect  .   (helmet restricted)
rElec   .          Harm     .   (no cloak)
rCorr   .          Rampage  .   i - +0 pair of gloves
Will    .....                   m - +1 pair of boots {Stlth+}
Stlth   ..........              j - amulet of Kuwaf {Regen+ Int+2 Slay+2}
HPRegen 1.11/turn               y - ring of protection from cold
MPRegen 0.11/turn               (no ring)

@: berserking, lightly drained, very quick
A: horns 2, retaliatory headbutt
a: Renounce Religion, Berserk, Trog's Hand, Brothers in Arms


You were on level 1 of the Abyss.
You worshipped Trog.
Trog was extremely pleased with you.
You visited 1 branch of the dungeon, and saw 10 of its levels.
You visited the Abyss 1 time.
You also visited: Ossuary.

You collected 724 gold pieces.

Inventory:

Hand Weapons
 a - a +0 hand axe
 e - a +2 dagger of flaming
 l - a +2 mace of protection
 r - a +1 broad axe of flaming (weapon)
 O - a +0 club
Missiles
 f - 261 stones
 J - 10 poisoned darts (quivered)
Armour
 b - a +0 animal skin
 h - a +0 ring mail
 i - a +0 pair of gloves (worn)
 k - a +0 plate armour (worn)
 m - a +1 pair of boots of stealth (worn)
 A - a +0 kite shield
Jewellery
 j - the amulet of Kuwaf (around neck) {Regen+ Int+2 Slay+2}
   (You acquired it in an ossuary)

   [amulet of regeneration]

   Int:       It affects your intelligence (+2).
   Slay:      It affects your accuracy & damage with ranged weapons and melee
   (+2).
   Regen:     It increases your rate of health regeneration.
 o - a ring of ice
 y - a ring of protection from cold (left hand)
 H - a ring of fire
Wands
 D - a wand of flame (45)
 F - a wand of iceblast (5)
 Q - a wand of acid (4)
Scrolls
 d - 2 scrolls of brand weapon {unknown}
 n - 3 scrolls of magic mapping
 s - 3 scrolls of teleportation
 t - a scroll of summoning {unknown}
 v - 2 scrolls of enchant weapon {unknown}
 w - 2 scrolls of enchant armour {unknown}
 x - a scroll of fog
 B - 2 scrolls of fear
 C - a scroll of silence
 G - 3 scrolls of vulnerability
 I - a scroll of holy word
 K - 2 scrolls of torment
 P - a scroll of blinking {unknown}
 R - 3 scrolls of identify
Potions
 c - 7 potions of curing
 g - 4 potions of attraction
 p - 3 potions of lignification
 q - 5 potions of heal wounds
 u - 2 potions of degeneration
 z - a potion of magic {unknown}
 E - 2 potions of mutation {unknown}
 L - 2 potions of brilliance {unknown}
 M - 2 potions of flight {unknown}
 N - 2 potions of ambrosia


   Skills:
 + Level 7.9 Fighting
 * Level 10.5 Axes
 * Level 8.2 Throwing
 - Level 2.4 Armour
 - Level 2.1 Dodging
 * Level 7.8 Shields
 * Level 4.5 Evocations


You had 9 spell levels left.
You didn't know any spells.
Your spell library was empty.

Dungeon Overview and Level Annotations

Branches:
Dungeon (10/15)            Temple (0/1) D:5             Orc (0/2) D:9
Ossuary (visited)
   Lair: D:8-11

Altars:
Cheibriados
Elyvilon
Hepliaklqana
Trog
Uskayaw
Vehumet
Xom
Yredelemnul
Zin
The Shining One
Beogh

Shops:
D:3 !

Annotations:
D:10 2 runed translucent doors, Sonja


Innate Abilities, Weirdness & Mutations

You have a pair of horns on your head.
You reflexively headbutt those who attack you in melee.


Message History

The chaos spawn degenerates into a cloud of primal chaos!
You start resting.
You feel a strong urge to attack something.
You start resting.
You are no longer berserk.
You are exhausted.
You feel yourself slow down.
You start resting.
You feel yourself speed up.
A large abomination and an iron imp come into view.
The iron imp shouts, "Leave, thou artless rump-fed barnacle!"
Throw: 11 darts (poison)
Press: ? - help, Q - select action, (/) - cycle Shift-Dir - straight line, f - iron imp
Aim: an iron imp (72% to hit)
You throw a poisoned dart. The poisoned dart hits the iron imp!
The iron imp is poisoned.
The iron imp shouts, "Slither home, thou pandering common-kissing walking sirloin!"
You slash the iron imp!
You kill the iron imp!
That felt strangely unrewarding.
You slash the large abomination! You burn the large abomination.
You headbutt the large abomination, but do no damage.
The large abomination is moderately damaged.
The large abomination hits you but does no damage.
You barely miss the large abomination.
The large abomination is moderately damaged.
You recover from your berserk rage.
The large abomination hits you!
You slash the large abomination! You burn the large abomination.
You headbutt the large abomination!
The large abomination is severely damaged.
The large abomination hits you!!
You barely miss the large abomination.
The large abomination is severely damaged.
The large abomination hits you!!
* * * LOW HITPOINT WARNING * * *
A red film seems to cover your vision as you go berserk!
You feel yourself moving faster!
You feel mighty! The large abomination hits you.
You die...

# #.. . #.### #.
.... .#.### .. .
###.#...##.
.#.#.#..#.#>#.#..
. . ### ##.
....##..# # .#..
....# #..#.#. ##
. #.
#..###...#### #.
### ###.X@# .#
#(#### . # #.. #.
...# .## ..


You could see a large abomination.

Vanquished Creatures
  A two-headed ogre (D:10)
  The ghost of zeram the Cudgeller, a novice GrFi (D:4)
  The ghost of blackman the Cleaver, an amateur MiFi (D:4)
  A wraith (D:8)
  A wyvern (D:8)
  The ghost of unlimited1921 the Vexing, an amateur GnAM (D:4)
  A small abomination (Abyss:1)
  A chaos spawn (Abyss:1)
  The ghost of Prodoman the Magician, an amateur DsWz (D:4)
  3 vampire mosquitoes (D:10)
  2 water moccasins
  An acid dragon (D:9)
  2 black bears
  An orc warrior (D:9)
  An ice beast (D:7)
  A necrophage (D:7)
  4 centaurs
  A kobold brigand (D:9)
  2 bullfrogs
  8 scorpions (D:6)
  2 wyvern zombies
  The ghost of ragingrage the Chopper, a weakling MiBe of Trog (D:3)
  5 wights (D:6)
  7 howler monkeys
  3 centaur zombies (D:9)
  A bullfrog zombie (D:6)
  2 iron imps (Abyss:1)
  2 hounds
  A jelly (D:7)
  2 orc priests (D:9)
  2 bullfrog skeletons
  A gnoll shaman (D:6)
  3 iguanas
  4 orc wizards
  A hound skeleton (D:4)
  8 mummies (Ossuary)
  3 howler monkey skeletons (D:7)
  4 gnolls (D:4)
  12 adders
  A white imp (D:8)
  3 ufetubi
  A worm zombie (D:4)
  An adder skeleton (D:4)
  A worm (D:2)
  3 dart slugs
  25 orcs
  14 bats
  5 endoplasms
  7 goblins
  7 hobgoblins
  14 kobolds
  2 quokkas
  9 ball pythons
  4 frilled lizards (D:1)
  3 hobgoblin zombies (Ossuary)
  4 kobold zombies (Ossuary)
  An orc zombie (Ossuary)
  5 rats
209 creatures vanquished.

Vanquished Creatures (others)
  A butterfly (D:6)
  2 fungi (D:6)
  A lurking horror (Abyss:1)
  A plant (D:6)
5 creatures vanquished.

Grand Total: 214 creatures vanquished

Notes
Turn   | Place    | Note
-------+----------+-------------------------------------------
     0 | D:1      | LustLizard the Minotaur Berserker began the quest for the
                  | Orb.
     0 | D:1      | Reached XP level 1. HP: 19/19 MP: 0/0
   130 | D:1      | HP: 1/20 [kobold (5)]
   133 | D:1      | Reached skill level 4 in Axes
   560 | D:1      | Reached XP level 2. HP: 23/27 MP: 1/1
   831 | D:1      | Reached skill level 1 in Throwing
   946 | D:1      | Reached XP level 3. HP: 33/33 MP: 2/2
  1207 | D:2      | Reached ** piety under Trog
  1211 | D:2      | Reached XP level 4. HP: 35/41 MP: 3/3
  1258 | D:2      | Found a faded altar of an unknown god.
  1335 | D:2      | Reached skill level 5 in Axes
  1812 | D:3      | Reached XP level 5. HP: 37/47 MP: 4/4
  2003 | D:3      | Found a runed translucent door.
  2126 | D:3      | Noticed ragingrage's ghost (weakling MiBe)
  2150 | D:3      | Killed ragingrage's ghost
  2282 | D:3      | Found Vatest's Distillery.
  2583 | D:4      | Reached XP level 6. HP: 55/55 MP: 5/5
  2669 | D:4      | Reached skill level 5 in Fighting
  2669 | D:4      | Reached skill level 6 in Axes
  2679 | D:4      | Reached *** piety under Trog
  2818 | D:4      | Found a runed translucent gate.
  2818 | D:4      | Found a runed translucent gate.
  2818 | D:4      | Found a runed translucent gate.
  2820 | D:4      | Noticed zeram's ghost (novice GrFi)
  2820 | D:4      | Noticed blackman's ghost (amateur MiFi)
  2822 | D:4      | Noticed Prodoman's ghost (amateur DsWz)
  2822 | D:4      | Noticed unlimited1921's ghost (amateur GnAM)
  2857 | D:4      | Found a sand-covered staircase.
  2867 | Ossuary  | Entered an ossuary
  2977 | Ossuary  | Reached XP level 7. HP: 53/61 MP: 6/6
  3363 | Ossuary  | Identified a scroll of acquirement
  3364 | Ossuary  | Acquired the amulet of Kuwaf {Regen+ Int+2 Slay+2}
  3844 | D:4      | Killed zeram's ghost
  3845 | D:4      | Reached skill level 7 in Axes
  3845 | D:4      | Reached skill level 5 in Throwing
  3846 | D:4      | Killed blackman's ghost
  3847 | D:4      | Reached XP level 8. HP: 30/70 MP: 7/7
  3848 | D:4      | Killed unlimited1921's ghost
  3849 | D:4      | Reached skill level 8 in Axes
  3850 | D:4      | Killed Prodoman's ghost
  3958 | D:5      | Entered Level 5 of the Dungeon
  4117 | D:5      | Reached **** piety under Trog
  4192 | D:5      | Found a shimmering altar of Xom.
  4193 | D:5      | Noticed an angel
  4196 | D:5      | Found a glowing silver altar of Zin.
  4236 | D:5      | Found a basalt altar of Yredelemnul.
  4521 | D:5      | Found a staircase to the Ecumenical Temple.
  4866 | D:6      | Reached skill level 5 in Shields
  4866 | D:6      | Reached skill level 1 in Evocations
  4992 | D:6      | Reached XP level 9. HP: 78/78 MP: 8/8
  5133 | D:6      | Found a white marble altar of Elyvilon.
  5219 | D:6      | Reached skill level 9 in Axes
  5641 | D:7      | Found a radiant altar of Vehumet.
  5998 | D:7      | Found a hazy altar of Hepliaklqana.
  6011 | D:7      | Found a hide-covered altar of Uskayaw.
  6054 | D:7      | Reached ***** piety under Trog
  6222 | D:7      | Found a bloodstained altar of Trog.
  6705 | D:8      | Reached skill level 10 in Axes
  6705 | D:8      | Reached XP level 10. HP: 81/86 MP: 9/9
  6808 | D:8      | Found a glowing golden altar of the Shining One.
  7179 | D:9      | Found a staircase to the Orcish Mines.
  7490 | D:9      | Found a snail-covered altar of Cheibriados.
  7723 | D:10     | Entered Level 10 of the Dungeon
  7917 | D:10     | Noticed a two-headed ogre
  7937 | D:10     | Killed a two-headed ogre
  8087 | D:10     | Found a large runed translucent door.
  8088 | D:10     | Found a large runed translucent door.
  8199 | D:10     | Noticed Sonja
  8203 | D:10     | Cast into level 1 of the Abyss (Sonja)
  8203 | Abyss:1  | Found a corrupted altar of Lugonu.
  8300 | Abyss:1  | Noticed a large abomination
  8309 | Abyss:1  | HP: 3/87 [large abomination (28)]
  8310 | Abyss:1  | Slain by a large abomination

Illustrated notes

Levels and vault maps discovered:
D:1:      dpeg_arrival_rooms_with_view, layout_rooms
D:2:      layout_basic, ebering_ecumenical_altar_box
D:3:      layout_basic, ebering_ghost_sewer_d, serial_shops, shop
D:4:      layout_loops_ring, enter_ossuary_3, gammafunk_ghost_cemetery,
          chequers_decorated_corner
D:5:      layout_gridville, grunt_temple_overflow_order_and_chaos_1,
          overflow_temple_1_default, minmay_temple_entry_large_hall
D:6:      old_forge, layout_cave_pools, nicolae_elyvilon_peaceful_grove,
          amcnicky_mini_rare_corridor_liquid, kennysheep_opposing_triangles
D:7:      layout_cave_pools, mainiacjoe_overflow_large_starburst,
          mainiacjoe_overflow_alcove_4, vehumet_crystals
D:8:      layout_gridville, tso_oasis_becter
D:9:      layout_roguey, kennysheep_mini_moat, minmay_orc_entry_temple_small,
          blue_anna_alchemist
D:10:     layout_gridville, jmf_multi_god_temple2, david_lair_shrubbed,
          uniq_sonja, uniq_erica
Abyss:1:  base:
Temple

Skill      XL: |  1  2  3  4  5  6  7  8  9 10 |
---------------+-------------------------------+-----
Axes           | 4 5 6 7 8 10 | 10.5
Fighting       | 4 5 6 7 |  7.9
Throwing       | 1 2 3 4 5 6 7 8 |  8.2
Shields        | 3 5 7 |  7.8
Evocations     | 1 3 4 |  4.5
Armour         | |  2.4
Dodging        | |  2.1

Action                   |  1- 3 |  4- 6 |  7- 9 | 10-12 || total
-------------------------+-------+-------+-------+-------++-------
Melee: Hand axe          |    83 |     4 |       |       ||    87
       Headbutt          |     5 |    12 |    21 |    14 ||    52
       Mace              |       |    70 |       |       ||    70
       Punch             |       |     2 |     1 |     1 ||     4
       Broad axe         |       |    46 |   179 |    65 ||   290
Throw: Stone             |    26 |    81 |    58 |     8 ||   173
       Dart              |       |       |       |     6 ||     6
Invok: Berserk           |     1 |     1 |     2 |     4 ||     8
       Trog's Hand       |       |       |       |     1 ||     1
  Use: Scroll            |       |       |     9 |     5 ||    14
Armor: Animal skin       |     6 |       |       |       ||     6
       Ring mail         |     3 |       |       |       ||     3
       Plate armour      |    18 |    86 |   129 |    59 ||   292
Dodge: Dodged            |    38 |    33 |    76 |    28 ||   175
